 Dungeon Crawl Stone Soup version 0.21.0 (webtiles) character file.

1049 Hubbles the Cleaver (level 8, -2/39 HPs)
             Began as a Vine Stalker Monk on Jan 7, 2018.
             Slain by an iguana (5 damage)
             ... on level 5 of the Dungeon.
             The game lasted 00:08:08 (4225 turns).

Hubbles the Cleaver (Vine Stalker Monk)             Turns: 4225, Time: 00:08:08

Health: -2/39      AC:  7    Str: 17    XL:     8   Next: 25%
Magic:  0/9        EV: 12    Int: 10    God:
Gold:   182        SH:  3    Dex: 16    Spells: 7/7 levels left

rFire    . . .     SeeInvis .   a - +1 hand axe
rCold    . . .     Gourm    .   (no shield)
rNeg     . . .     Faith    .   e - +1 ring mail
rPois    .         Spirit   +   (no helmet)
rElec    .         Reflect  +   (no cloak)
rCorr    .         Harm     .   o - +0 pair of gloves
MR       +....                  (no boots)
Stlth    ++........             h - +3 amulet of reflection
HPRegen  0.53/turn              m - ring of flight
MPRegen  0.11/turn              (no ring)

@: no status effects
A: fangs 3, regeneration 1, magic shield, antimagic bite, no potion heal 3, rot
immunity
a: Evoke Flight


You were on level 5 of the Dungeon.
You were not hungry.

You visited 1 branch of the dungeon, and saw 5 of its levels.

You collected 182 gold pieces.

Inventory:

Hand Weapons
 a - a +1 hand axe (weapon)
Missiles
 j - 6 javelins of penetration (quivered)
Armour
 e - a +1 ring mail (worn)
 n - a +0 chain mail
 o - a +0 pair of gloves (worn)
Jewellery
 h - a +3 amulet of reflection (around neck)
 m - a ring of flight (left hand)
 q - an uncursed ring of protection from magic {unknown}
 r - a +4 ring of evasion {unknown}
Scrolls
 t - 2 scrolls of identify
Potions
 b - a potion of flight
 d - a potion of heal wounds
 f - a potion of curing
 g - a potion of magic {unknown}
 k - 2 potions of resistance {unknown}
 l - a potion of berserk rage {unknown}
 s - a potion of haste {unknown}
Comestibles
 c - 6 rations
 p - 7 chunks of flesh


   Skills:
 - Level 2.6 Fighting
 * Level 8.5 Axes
 - Level 2.5 Armour
 - Level 2.4 Dodging
 - Level 2.4 Stealth


You had 7 spell levels left.
You didn't know any spells.

Dungeon Overview and Level Annotations

Branches:
Dungeon (5/15)
 Temple: D:4-7

Altars:
Cheibriados
Makhleb
Vehumet
Xom
Zin


Innate Abilities, Weirdness & Mutations

You have razor-sharp teeth.
Your natural rate of healing is unusually fast.
When hurt, damage is shared between your health and your magic reserves.
Your bite disrupts and absorbs the magic of your enemies.
Potions cannot restore your health.
You are immune to rotting.


Message History

You closely miss the iguana. You bite the iguana, but do no damage.
The iguana is heavily wounded.
The iguana misses you.
You hit the iguana. Your bite misses the iguana.
The iguana is severely wounded.
The iguana bites you.
* * * LOW HITPOINT WARNING * * *
You have no ailments to cure.
You completely miss the iguana.
The iguana is severely wounded.
The iguana bites you but does no damage.
You closely miss the iguana. You bite the iguana, but do no damage.
The iguana is severely wounded.
The iguana bites you.
* * * LOW HITPOINT WARNING * * *
You closely miss the iguana.
The iguana is severely wounded.
The iguana hisses menacingly.
The iguana bites you.
You die...

#.# ##..# #.###...##
#.##.....##
..#####.#.......##
......?..........#
.......[#.......#
.....##.........#######
... #.#..l........... #
#(#..#@##<### #
#.#..####.#
#.##.##.......#.#
...........##.#.#
#######.#..##.#)#
........#.....))#
...........##.###
#########.###<# #.# #.#


You could see an iguana.

Vanquished Creatures
  Sigmund (D:2)
  2 ogres (D:4)
  A phantom (D:4)
  2 crimson imps (D:5)
  A hound (D:3)
  2 bullfrog skeletons
  2 orc wizards
  Natasha (thrice) (D:2)
  3 worker ants
  Terence (D:3)
  A hound skeleton (D:4)
  7 adders
  6 gnolls
  An ooze (D:2)
  3 worms
  A dart slug (D:3)
  3 leopard geckos
  12 orcs
  8 giant cockroaches
  9 goblins
  9 hobgoblins
  12 jackals
  A quokka (D:4)
  4 bats
  3 frilled lizards
  8 kobolds
  7 rats
113 creatures vanquished.

Vanquished Creatures (others)
  A gnoll (D:3)
  4 toadstools (D:1)
5 creatures vanquished.

Grand Total: 118 creatures vanquished

Notes
Turn   | Place    | Note
-------+----------+-------------------------------------------
     0 | D:1      | Hubbles the Vine Stalker Monk began the quest for the Orb.
     0 | D:1      | Reached XP level 1. HP: 11/11 MP: 2/2
    64 | D:1      | Reached skill level 3 in Axes
   110 | D:1      | Reached XP level 2. HP: 16/16 MP: 3/3
   742 | D:1      | Reached skill level 1 in Armour
   742 | D:1      | Reached XP level 3. HP: 18/19 MP: 4/4
  1110 | D:2      | Gained mutation: Your natural rate of healing is unusually fast. [Vine Stalker growth]
  1110 | D:2      | Reached XP level 4. HP: 20/23 MP: 3/5
  1118 | D:2      | Reached skill level 4 in Axes
  1232 | D:2      | Noticed Sigmund
  1255 | D:2      | Killed Sigmund
  1255 | D:2      | Reached skill level 5 in Axes
  1255 | D:2      | Reached XP level 5. HP: 24/27 MP: 6/6
  1255 | D:2      | Reached XP level 6. HP: 28/32 MP: 7/7
  1325 | D:2      | Noticed Natasha
  1333 | D:2      | Killed Natasha
  1346 | D:2      | Noticed Natasha
  1362 | D:2      | Killed Natasha
  1378 | D:2      | Noticed Natasha
  1390 | D:2      | Killed Natasha
  1778 | D:3      | Noticed an angel
  1778 | D:3      | Found a glowing silver altar of Zin.
  1778 | D:3      | Found a shimmering altar of Xom.
  1971 | D:3      | Found a radiant altar of Vehumet.
  1984 | D:3      | Reached skill level 6 in Axes
  2295 | D:3      | Noticed Terence
  2320 | D:3      | Killed Terence
  2389 | D:3      | Found a burning altar of Makhleb.
  2398 | D:3      | Reached XP level 7. HP: 35/35 MP: 8/8
  2582 | D:3      | Found a snail-covered altar of Cheibriados.
  3013 | D:4      | Reached skill level 7 in Axes
  3895 | D:4      | Reached skill level 8 in Axes
  3895 | D:4      | Gained mutation: You have razor-sharp teeth. [Vine Stalker growth]
  3895 | D:4      | Reached XP level 8. HP: 31/39 MP: 9/9
  4130 | D:5      | Entered Level 5 of the Dungeon
  4217 | D:5      | HP: 1/39 [iguana (5)]
  4225 | D:5      | Slain by an iguana

Skill      XL: |  1  2  3  4  5  6  7 |
---------------+----------------------+-----
Axes           | 3 5 6 8 |  8.5
Armour         | 1 2 |  2.5
Fighting       | |  2.6
Dodging        | |  2.4
Stealth        | |  2.4

Action                   |  1- 3 |  4- 6 |  7- 9 || total
-------------------------+-------+-------+-------++-------
Melee: Hand axe          |   125 |   185 |   166 ||   476
       Bite              |    33 |    59 |    62 ||   154
Throw: Throwing net      |     1 |       |     4 ||     5
       Javelin           |       |       |     2 ||     2
  Use: Scroll            |     3 |     3 |     4 ||    10
       Potion            |       |     1 |     2 ||     3
 Stab: Sleeping          |     3 |     2 |     2 ||     7
  Eat: Chunk             |     1 |     3 |     4 ||     8
       Ration            |       |     1 |       ||     1
Armor: Robe              |    12 |       |       ||    12
       Ring mail         |    18 |    59 |    46 ||   123
Dodge: Dodged            |   104 |   142 |    81 ||   327
Block: Other             |       |       |     9 ||     9
